 Dungeon Crawl Stone Soup version 0.31-a0-868-g674d60d6f7 (webtiles) character file.

Game seed: 5615489822102511329

1082 wingedge the Magician (level 8, -1/57 HPs)
             Began as a Mummy Earth Elementalist on Oct 11, 2023.
             Killed from afar by a steam dragon (28 damage)
             ... with a ball of steam
             ... on level 6 of the Dungeon.
             The game lasted 00:15:43 (6211 turns).

wingedge the Magician (Mummy Earth Elementalist)    Turns: 6211, Time: 00:15:44

Health: -1/57      AC: 11    Str: 18    XL:     8   Next: 8%
Magic:  2/17       EV: 12    Int: 16    God:
Gold:   107        SH:  0    Dex: 12    Spells: 12/19 levels left

rFire   x . .        a - +3 spear (protect)
rCold   + . .        (no shield)
rNeg    + + +        f - +2 robe {Will+}
rPois   ∞            t - +0 helmet
rElec   .            m - +2 cloak
rCorr   .            w - +0 pair of gloves
SInv    +            i - +1 pair of boots {rampage}
Will    ++...        (no amulet)
Stlth   ++           n - +6 ring of strength
HPRegen 0.29/turn    s - ring of see invisible
MPRegen 0.15/turn

%: rampage, faith
@: no status effects
A: cold resistance 1, negative energy resistance 3, torment resistance 2, heat
vulnerability 1, in touch with death 1, no potions, faith
a: no special abilities


You were on level 6 of the Dungeon.
You visited 1 branch of the dungeon, and saw 6 of its levels.

You collected 339 gold pieces.
You spent 232 gold pieces at shops.

Inventory:

Hand Weapons
 a - a +3 spear of protection (weapon)
 b - a +0 dagger of venom
 d - a +1 flail of freezing
Missiles
 e - 11 poisoned darts
 p - 2 atropa-tipped darts
Armour
 f - a +2 robe of willpower (worn)
 i - a +1 pair of boots of rampaging (worn)
 m - a +2 cloak (worn)
 t - a +0 helmet (worn)
 w - a +0 pair of gloves (worn)
Jewellery
 n - a +6 ring of strength (left hand)
 s - a ring of see invisible (right hand)
Wands
 c - a wand of iceblast (7)
 r - a wand of charming (15)
 v - a wand of polymorph (9)
Scrolls
 g - 3 scrolls of enchant weapon
 h - a scroll of blinking {unknown}
 j - a scroll of butterflies {unknown}
 k - 5 scrolls of teleportation
 l - a scroll of revelation {unknown}
 o - a scroll of vulnerability {unknown}
 q - a scroll of amnesia {unknown}
 u - 2 scrolls of enchant armour {unknown}


   Skills:
 + Level 2.8 Fighting
 - Level 2.0 Dodging
 - Level 2.0 Stealth
 + Level 6.4 Spellcasting
 + Level 4.3 Conjurations
 - Level 0.7 Transmutations
 + Level 1.0 Ice Magic
 + Level 4.3 Earth Magic


You had 12 spell levels left.
You knew the following spells:

 Your Spells              Type           Power      Damage    Failure   Level
a - Sandblast             Erth           38%        2d10      2%          1
b - Stone Arrow           Conj/Erth      38%        3d9       7%          3
h - Ozocubu's Armour      Ice            8%         N/A       26%         3

Your spell library contained the following spells:

 Spells                   Type           Power      Damage    Failure   Level
 Passwall                 Tmut/Erth      10%        N/A       7%          2
 Brom's Barrelling Bould  Conj/Erth      19%        2d4       22%         4
 Petrify                  Tmut/Erth      13%        N/A       43%         4
 Iskenderun's Battlesphe  Conj           19%        2d7       52%         5
 Borgnjor's Vile Clutch   Necr/Erth      9%         N/A       83%         5
 Alistair's Intoxication  Tmut/Pois      4%         N/A       97%         5
 Bombard                  Conj/Erth      9%         9d2       98%         6
 Eringya's Noxious Bog    Tmut/Pois      3%         4d6       100%        6
 Ozocubu's Refrigeration  Ice            4%         4d8       100%        7
 Spellforged Servitor     Conj/Summ      6%         N/A       100%        7


Dungeon Overview and Level Annotations

Branches:
Dungeon (6/15)
 Temple: D:4-7

Altars:
Ashenzari
Qazlal
Xom

Shops:
D:1 (   D:3 *   D:4 !


Innate Abilities, Weirdness & Mutations

You are immune to poison.
Your flesh is cold resistant. (rC+)
You are immune to negative energy. (rN+++)
You are immune to unholy pain and torment.
You are vulnerable to heat. (rF-)
You are in touch with the powers of death.
You do not drink.
You have a special connection with the divine. (Faith)


Message History

Press: ? - help, Shift-Dir - straight line, f/p - black bear
Aim: a black bear (almost dead, 77% to hit)
The stone arrow misses the black bear.
Casting: Stone Arrow (dangerous; 7% risk of failure)
Confirm with . or Enter, or press ? or * to list all spells.
Aiming: Stone Arrow (dangerous; 7% risk of failure)
Press: ? - help, Shift-Dir - straight line, f/p - black bear
Aim: a black bear (almost dead, 77% to hit)
The stone arrow hits the black bear!
You kill the black bear!
Your Ice Magic skill increases to level 1!
You have reached level 8!
Casting: Stone Arrow (dangerous; 7% risk of failure)
Confirm with . or Enter, or press ? or * to list all spells.
Aiming: Stone Arrow (dangerous; 7% risk of failure)
Press: ? - help, Shift-Dir - straight line, f - steam dragon
Aim: a steam dragon (68% to hit)
The stone arrow hits the steam dragon.
The steam dragon is lightly wounded.
The steam dragon breathes steam at you. The ball of steam hits you!!
The steam scalds you terribly!
Ouch! That really hurt!
You hear a shout!
Casting: Stone Arrow (dangerous; 7% risk of failure)
Confirm with . or Enter, or press ? or * to list all spells.
Aiming: Stone Arrow (dangerous; 7% risk of failure)
Press: ? - help, Shift-Dir - straight line, f/p - steam dragon
Aim: a steam dragon (steam, lightly wounded, catching its breath, 68% to hit)
The stone arrow hits the steam dragon!
The steam dragon is heavily wounded.
You are engulfed in a cloud of scalding steam.
Casting: Stone Arrow (dangerous; 7% risk of failure)
Confirm with . or Enter, or press ? or * to list all spells.
You don't have enough magic to cast this spell.
Okay, then.
Things that are here:
a +0 dire flail; a +0 robe The steam dragon breathes steam at you.
The ball of steam hits you!! The steam scalds you terribly!
You die...

###### ##.....##
##.......##
#.........#
#.........#
#.......<.#
#.........#
###.>§....@.######
.........§)........
#..§§..§..#######
#.....D...#
#.........#
##########
............#
#.........
.....†......#
#.........
%...........####
#.........
....#.....#....#
#####..###


You could see a steam dragon (catching breath).

Vanquished Creatures
  An ice beast (D:5)
  A black bear (D:6)
  An ogre (D:5)
  A centaur (D:5)
  5 wights (D:6)
  An orc priest (D:3)
  Crazy Yiuf (D:3)
  3 iguanas
  5 orc wizards (D:4)
  3 gnolls (D:3)
  7 adders
  2 white imps
  2 ufetubi
  4 worms
  5 dart slugs
  7 orcs
  7 ball pythons
  10 endoplasms
  3 goblins
  7 hobgoblins
  2 jackals (D:4)
  4 quokkas
  6 bats
  3 frilled lizards
  8 kobolds
  6 rats
105 creatures vanquished.

Notes
Turn   | Place    | Note
-------+----------+-------------------------------------------
     0 | D:1      | wingedge the Mummy Earth Elementalist began the quest for
                  | the Orb.
     0 | D:1      | Reached XP level 1. HP: 13/13 MP: 4/4
   256 | D:1      | Found Feshanuk's Antique Weapon Shop.
   432 | D:1      | Reached skill level 3 in Spellcasting
   490 | D:1      | Reached XP level 2. HP: 20/20 MP: 4/6
   865 | D:2      | Reached skill level 1 in Fighting
  1108 | D:2      | Reached XP level 3. HP: 23/26 MP: 0/7
  1174 | D:2      | Learned a level 3 spell: Stone Arrow
  1398 | D:2      | Found a broken altar of Ashenzari.
  2035 | D:2      | Reached XP level 4. HP: 33/33 MP: 4/9
  2345 | D:2      | Reached skill level 1 in Conjurations
  2483 | D:3      | Found Ketzut's Assorted Antiques.
  2616 | D:3      | Found a shimmering altar of Xom.
  2620 | D:3      | Reached skill level 4 in Spellcasting
  2624 | D:3      | Reached XP level 5. HP: 38/38 MP: 3/11
  3144 | D:3      | Found a runed translucent door.
  3145 | D:3      | Noticed Crazy Yiuf
  3214 | D:3      | You fall into a shaft and drop 3 floors!
  3270 | D:6      | Reached XP level 6. HP: 37/44 MP: 4/13
  3279 | D:6      | Reached skill level 5 in Spellcasting
  3595 | D:5      | Entered Level 5 of the Dungeon
  3788 | D:5      | Noticed an ice beast
  3794 | D:5      | Killed an ice beast
  3795 | D:5      | Reached XP level 7. HP: 50/50 MP: 5/15
  3930 | D:5      | Reached skill level 6 in Spellcasting
  4372 | D:3      | Killed Crazy Yiuf
  4993 | D:4      | Found Nosen's Distillery.
  5248 | D:4      | Found a stormy altar of Qazlal.
  5637 | D:3      | Bought a pair of embroidered boots for 232 gold pieces
  5681 | D:5      | Learned a level 3 spell: Ozocubu's Armour
  6202 | D:6      | Noticed a steam dragon
  6206 | D:6      | Reached skill level 1 in Ice Magic
  6206 | D:6      | Reached XP level 8. HP: 57/57 MP: 7/17
  6211 | D:6      | Killed from afar by a steam dragon

Illustrated notes

Levels and vault maps discovered:
D:1:      minmay_arrival_split_and_join, layout_basic, serial_shops,
          nicolae_shop_just_a_little_nook, chequers_serial_rivers_small_3
D:2:      minmay_thinvault, layout_loops_corners, basic_altar,
          wander_ebering_terrifying_dragon_lair
D:3:      layout_basic, mainiacjoe_overflow_brackets, serial_shops, shop,
          uniq_crazy_yiuf_cottage
D:4:      layout_rooms, nicolae_qazlal_scattered_showers, serial_shops,
          nicolae_shop_tiny_glass, st_stairs_7,
          minmay_a_box_with_orc_wizards_in_it
D:5:      layout_loops_ring
D:6:      layout_rooms, serial_bayou_pond_d, kennysheep_doodads,
          kennysheep_generic_room_7, uniq_duvessa

Skill      XL: |  1  2  3  4  5  6  7 |
---------------+----------------------+-----
Spellcasting   | 3 4 5 6 |  6.4
Fighting       | 1 2 |  2.8
Earth Magic    | 3 4 |  4.3
Conjurations   | 1 2 3 4 |  4.3
Stealth        | 2 |  2.0
Dodging        | 2 |  2.0
Ice Magic      | 1 |  1.0
Transmutations | |  0.7

Action                     |  1- 3 |  4- 6 |  7- 9 || total
---------------------------+-------+-------+-------++-------
  Melee: Short sword       |     9 |       |       ||     9
         Dagger            |       |     1 |       ||     1
         Spear             |       |    17 |    20 ||    37
   Cast: Sandblast         |    67 |    48 |     5 ||   120
         Stone Arrow       |     1 |    20 |    40 ||    61
    Use: Scroll            |       |     5 |     1 ||     6
 Armour: Robe              |    13 |    26 |    24 ||    63
  Dodge: Dodged            |    16 |    22 |    21 ||    59

Table legend: (Time is in decaauts)
 A = Elapsed time spent in this place.
 B = Non-inter-level travel time spent in this place.
 C = Inter-level travel time spent in this place.
 D = Time resting spent in this place.
 E = Time spent auto-exploring this place.
 F = Levels seen in this place.
 G = Mean time per level.
                   A        B        C        D        E       F      G
               +--------+--------+--------+--------+--------+-----+--------+
         Total |   6273 |   6123 |    150 |   1675 |   3472 |   6 | 1045.5 |
       Dungeon |   6273 |   6123 |    150 |   1675 |   3472 |   6 | 1045.5 |
               +--------+--------+--------+--------+--------+-----+--------+

Top non-repeatable levels by time:
     D:2: 1770 daAuts
     D:3: 1185 daAuts
     D:4: 1069 daAuts
     D:5: 1052 daAuts
     D:1: 739 daAuts
     D:6: 455 daAuts
